 Dungeon Crawl Stone Soup version 0.31.0-12-g77e489cdc1 (webtiles) character file.

Game seed: 5804169090916999119

373 LabCoat the Trooper (level 6, -17/56 HPs)
             Began as a Hill Orc Fighter on Feb 13, 2024.
             Demolished by a two-headed ogre
             ... wielding a +0 giant club
              (19 damage)
             ... on level 5 of the Dungeon.
             The game lasted 00:09:13 (3206 turns).

LabCoat the Trooper (Hill Orc Fighter)              Turns: 3206, Time: 00:09:14

Health: -17/56     AC: 10    Str: 21    XL:     6   Next: 72%
Magic:  6/6        EV:  8    Int: 14    God:
Gold:   280        SH:  4    Dex: 10    Spells: 5/5 levels left

rFire   . . .        a - +0 war axe
rCold   . . .        c - +0 buckler
rNeg    . . .        t - +0 chain mail
rPois   .            v - +0 helmet
rElec   .            (no cloak)
rCorr   .            (no gloves)
SInv    .            (no boots)
Will    .....        r - amulet of regeneration Stlth
                     q - +6 ring of intelligence
HPRegen 1.09/turn    (no ring)
MPRegen 0.10/turn

%: no passive effects
@: mighty
A: no striking features
a: no special abilities


You were on level 5 of the Dungeon.
You visited 2 branches of the dungeon, and saw 6 of its levels.

You collected 280 gold pieces.

Inventory:

Hand Weapons
 a - a +0 war axe (weapon)
 b - a +0 flail
Missiles
 l - 7 javelins (quivered)
 A - a boomerang
Armour
 c - a +0 buckler (worn)
 t - a +0 chain mail (worn)
 v - a +0 helmet (worn)
Jewellery
 q - a +6 ring of intelligence (left hand)
 r - an amulet of regeneration (around neck)
Wands
 u - a wand of light (8)
 y - a wand of paralysis (4)
Scrolls
 e - a scroll of fog {unknown}
 g - 2 scrolls of immolation {unknown}
 h - a scroll of blinking {unknown}
 k - a scroll of teleportation
 m - a scroll of amnesia {unknown}
 o - a scroll of enchant armour {unknown}
 z - a scroll of fear {unknown}
 B - 2 scrolls of identify
Potions
 f - a potion of ambrosia
 i - a potion of heal wounds {unknown}
 j - a potion of magic
 n - a potion of mutation {unknown}
 p - a potion of curing {unknown}
 s - a potion of brilliance {unknown}
 w - a potion of haste {unknown}
 x - 2 potions of lignification {unknown}


   Skills:
 * Level 5.0 Fighting
 * Level 4.3 Axes
 + Level 1.5 Throwing
 * Level 4.5 Armour
 + Level 1.3 Dodging
 + Level 4.0 Shields
 * Level 2.4 Evocations


You had 5 spell levels left.
You didn't know any spells.
Your spell library was empty.

Dungeon Overview and Level Annotations

Branches:
Dungeon (5/15)             Temple (1/1) D:4

Altars:
Ashenzari
Cheibriados
Dithmenos
Elyvilon
Fedhas
Gozag
Hepliaklqana
Makhleb
Nemelex Xobeh
Okawaru
Qazlal
Ru
Sif Muna
Uskayaw
Vehumet
Xom
Yredelemnul
Zin
The Shining One

Shops:
D:3 (

Annotations:
D:1 2 transporters


Message History

Found 5 stones.
Found a scale mail.
Found an escape hatch in the floor.
B - 2 scrolls of identify (gained 1)
You see here a +0 scale mail.
A hound comes into view.
The hound barks!
A two-headed ogre comes into view. It is wielding two +0 giant clubs.
The two-headed ogre shouts in stereo!
Found a dagger.
The hound closely misses you.
You hit the hound.
The hound is moderately wounded.
The hound barely misses you. You block the hound's attack.
You feel very mighty all of a sudden. The hound closely misses you.
You barely miss the hound.
The hound is moderately wounded.
The hound bites you. The hound barely misses you.
You miss the hound.
The hound is moderately wounded.
The hound barely misses you.
You hit the two-headed ogre.
The two-headed ogre is lightly wounded.
The two-headed ogre barely misses you.
The two-headed ogre hits you with a +0 giant club!!
You slice the two-headed ogre!!
The two-headed ogre is moderately wounded.
The two-headed ogre hits you with a +0 giant club!
The two-headed ogre hits you with a +0 giant club!!
* * * LOW HITPOINT WARNING * * *
It was a potion of magic.
Magic courses through your body.
You slash the two-headed ogre!
The two-headed ogre is severely wounded.
You block the two-headed ogre's attack.
The two-headed ogre hits you but does no damage.
You slash the two-headed ogre!
The two-headed ogre is almost dead.
The two-headed ogre hits you with a +0 giant club!
* * * LOW HITPOINT WARNING * * *
The two-headed ogre hits you with a +0 giant club!!
You die...

.# .# ..). .# #.. ... .#
#.. ## ... .# #.. .. ..#
.# #.##.# #.# .# #.....
#h# .# #..#.# #O# .#
#†.#.# #@# .# ##..#<#
#.# .###<..#.# #.#
.##..#...# #.#
....###..#######.#
###..#...........#######
##...########.........
##.## #.######## #.# #.#


You could see a two-headed ogre and a hound.

Vanquished Creatures
  A phantom (D:4)
  A hound (D:5)
  Terence (D:3)
  2 iguanas
  8 adders
  4 ribbon worms
  3 dart slugs
  13 orcs
  9 endoplasms
  5 goblins
  5 hobgoblins
  12 jackals
  3 kobolds
  4 quokkas
  12 ball pythons
  3 bats (D:1)
  4 frilled lizards
  5 rats
95 creatures vanquished.

Notes
Turn   | Place    | Note
-------+----------+-------------------------------------------
     0 | D:1      | LabCoat the Hill Orc Fighter began the quest for the Orb.
     0 | D:1      | Reached XP level 1. HP: 19/19 MP: 1/1
    44 | D:1      | Reached XP level 2. HP: 13/27 MP: 2/2
   667 | D:1      | Reached XP level 3. HP: 30/33 MP: 3/3
   895 | D:2      | Reached skill level 1 in Evocations
   982 | D:2      | Reached skill level 4 in Fighting
   982 | D:2      | Reached XP level 4. HP: 34/40 MP: 4/4
   993 | D:2      | Reached skill level 1 in Throwing
  1185 | D:3      | Noticed Terence
  1190 | D:3      | Killed Terence
  1191 | D:3      | Reached XP level 5. HP: 46/47 MP: 5/5
  1191 | D:3      | Found a faded altar of an unknown god.
  1250 | D:3      | Found Gayffu's Weapon Emporium.
  1391 | D:3      | Reached skill level 1 in Dodging
  1871 | D:4      | Found a basalt altar of Yredelemnul.
  2082 | D:4      | Found a staircase to the Ecumenical Temple.
  2091 | Temple   | Entered the Ecumenical Temple
  2130 | D:4      | Reached XP level 6. HP: 52/53 MP: 6/6
  2831 | D:4      | Found a shimmering blue altar of Sif Muna.
  2991 | D:5      | Entered Level 5 of the Dungeon
  3122 | D:5      | Reached skill level 5 in Fighting
  3196 | D:5      | Noticed a two-headed ogre
  3206 | D:5      | HP: 2/56 [two-headed ogre/+0 giant club (8)]
  3206 | D:5      | Demolished by a two-headed ogre

Illustrated notes

Levels and vault maps discovered:
D:1:      spicycebolla_arrival_transporter_tutorial, layout_rooms
D:2:      layout_rooms, chequers_serial_rivers_marsh
D:3:      minmay_recursive_quarters, layout_rooms, serial_shops,
          nicolae_shop_hallway_stairs,
          hellmonk_ecumenical_altar_pennies_from_heaven, uniq_terence
D:4:      layout_layer_cave, mainiacjoe_overflow_boulevard,
          nicolae_sif_muna_little_library, temple_statues, serial_rivers,
          chequers_serial_rivers_micro_b, chequers_serial_rivers_micro_a,
          chequers_serial_rivers_small_3, chequers_serial_rivers_micro_c,
          chequers_serial_rivers_micro_e, chequers_serial_rivers_small_a,
          st_stairs_6, nicolae_eternal_life
D:5:      layout_loops_ring
Temple:   minmay_temple_bridge_d

Skill      XL: |  1  2  3  4  5  6 |
---------------+-------------------+-----
Axes           | 3 4 |  4.3
Evocations     | 1 2 |  2.4
Fighting       | 4 5 |  5.0
Throwing       | 1 |  1.5
Armour         | 4 |  4.5
Dodging        | 1 |  1.3
Shields        | 4 |  4.0

Action                     |  1- 3 |  4- 6 || total
---------------------------+-------+-------++-------
  Melee: War axe           |   103 |   191 ||   294
  Throw: Javelin           |       |     1 ||     1
    Use: Scroll            |       |     4 ||     4
         Potion            |       |     2 ||     2
 Armour: Scale mail        |    85 |    17 ||   102
         Chain mail        |       |   152 ||   152
  Dodge: Dodged            |    66 |   100 ||   166
  Block: Buckler           |    29 |    51 ||    80
